 Dungeon Crawl Stone Soup version 0.30-a0-715-gdb4ae3ece1 (webtiles) character file.

Game seed: 10090000663404200523

38983 bande the Cleaver (level 14, -3/88 HPs)
             Began as a Gargoyle Fighter on Jan 25, 2023.
             Was the Champion of Okawaru.
             Killed from afar by a rime drake (10 damage)
             ... with an icy flash freeze
             ... on level 4 of the Lair of Beasts.
             The game lasted 00:28:42 (15048 turns).

bande the Cleaver (Gargoyle Fighter)               Turns: 15048, Time: 00:28:42

Health: -3/88      AC: 47    Str: 23    XL:     14   Next: 4%
Magic:  0/30       EV:  3    Int:  9    God:    Okawaru [******]
Gold:   1328       SH: 10    Dex: 13    Spells: 13/13 levels left

rFire   . . .      SeeInvis .    v - +3 broad axe (vamp)
rCold   . . .      Faith    .    C - +0 kite shield
rNeg    + . .      Spirit   +    a - +11 crystal plate armour of Hadjma {-Cast rElec Str+2}
rPois   ∞          Reflect  .    e - +0 helmet
rElec   +          Harm     .    (no cloak)
rCorr   .          Rampage  .    g - +1 pair of gloves
Will    +....      NoCast   +    i - +1 pair of boots Stlth
                                 f - amulet of guardian spirit
HPRegen 0.34/turn                c - ring of magical power
MPRegen 0.22/turn                m - ring of flight

@: flying
A: sickness immunity, AC +10, big wings, negative energy resistance 1,
electricity resistance, torment resistance 1, petrification resistance
a: Renounce Religion, Heroism, Finesse, Duel


You were on level 4 of the Lair of Beasts.
You worshipped Okawaru.
Okawaru was exalted by your worship.
You visited 3 branches of the dungeon, and saw 14 of its levels.

You collected 1622 gold pieces.
You spent 294 gold pieces at shops.

Inventory:

Hand Weapons
 n - a +0 heavy flail
 v - a +3 vampiric broad axe (weapon)
 F - a +2 broad axe of electrocution
Missiles
 j - a throwing net (quivered)
Armour
 a - the +11 crystal plate armour of Hadjma (worn) {-Cast rElec Str+2}
   (Okawaru gifted it to you on level 5 of the Lair of Beasts)

   Str:       It affects your strength (+2).
   rElec:     It insulates you from electricity.
   -Cast:     It prevents spellcasting.
 b - a +0 scale mail
 e - a +0 helmet (worn)
 g - a +1 pair of gloves (worn)
 i - a +1 pair of boots (worn)
 C - a +0 kite shield (worn)
Jewellery
 c - a ring of magical power (left hand)
 f - an amulet of guardian spirit (around neck)
 m - a ring of flight (right hand)
 w - a ring of see invisible
Wands
 k - a wand of flame (24)
 x - a wand of polymorph (18)
 A - a wand of roots (3)
 E - a wand of acid (2)
Scrolls
 l - a scroll of fear
 s - a scroll of silence
 u - 3 scrolls of teleportation
 y - 2 scrolls of blinking
 B - 3 scrolls of magic mapping
 D - a scroll of identify
Potions
 d - a potion of might
 h - 2 potions of brilliance
 p - 3 potions of haste
 q - a potion of flight
 r - 2 potions of mutation
 t - 6 potions of curing
 z - a potion of ambrosia


   Skills:
 + Level 10.4 Fighting
 + Level 13.6 Axes
 + Level 9.5 Armour
 + Level 8.5 Shields
 * Level 9.8 Invocations
 * Level 8.7 Evocations


You had 13 spell levels left.
You didn't know any spells.
Your spell library contained the following spells:

 Spells                   Type           Power      Damage    Failure   Level
 Kiss of Death            Conj/Necr      0%         2d5       100%        1
 Necrotise                Necr           0%         1d4       100%        1
 Shock                    Conj/Air       0%         1d3       100%        1
 Ensorcelled Hibernation  Hex/Ice        0%         N/A       100%        2
 Passwall                 Tmut/Erth      0%         N/A       100%        2
 Wereblood                Tmut           0%         N/A       100%        2
 Confusing Touch          Hex            0%         N/A       100%        3
 Swiftness                Air            0%         N/A       100%        3
 Vampiric Draining        Necr           0%         2d6       100%        3
 Airstrike                Air            0%         2d(0-16)  100%        4
 Dispel Undead            Necr           0%         3d6       100%        4
 Passage of Golubria      Tloc           0%         N/A       100%        4
 Agony                    Necr           0%         N/A       100%        5
 Silence                  Hex/Air        0%         N/A       100%        5
 Yara's Violent Unravell  Hex/Tmut       0%         3d3       100%        5
 Enfeeble                 Hex            0%         N/A       100%        7
 Storm Form               Tmut/Air       0%         N/A       100%        7
 Lehudib's Crystal Spear  Conj/Erth      0%         10d2      100%        8
 Maxwell's Capacitive Co  Air            0%         ∞         100%        8
 Sublimation of Blood     Necr           Unusable   N/A       N/A         2
 Summon Lightning Spire   Summ/Air       Unusable   N/A       N/A         4
 Summon Hydra             Summ           Unusable   N/A       N/A         7

Dungeon Overview and Level Annotations

Branches:
Dungeon (8/15)             Temple (1/1) D:5            Lair (5/5) D:8
  Swamp (0/4) Lair:3        Snake (0/4) Lair:3        Slime (0/5) Lair:5

Altars:
Ashenzari
Dithmenos
Elyvilon
Fedhas
Gozag
Hepliaklqana
Kikubaaqudgha
Nemelex Xobeh
Okawaru
Wu Jian
Xom
Yredelemnul
Zin
The Shining One
Jiyva
Lugonu

Shops:
D:3 (   D:4 [   D:7 ?   D:8 :

Annotations:
Lair:2 3 runed translucent doors, karrick's ghost, journeyman GrFi


Innate Abilities, Weirdness & Mutations

You are immune to sickness and miasma.
Your stone body is resilient. (AC +10)
You are immune to poison.
Your large and strong wings let you fly.
You resist negative energy. (rN+)
You are resistant to electric shocks. (rElec)
You are resistant to unholy torment.
You are immune to petrification.


Message History

The killer bee stings you but does no damage.
The killer bee stings you. The manticore attacks as you move away!
The manticore bites you but does no damage.
The manticore claws you!
The manticore claws you but does no damage.
The killer bee barely misses you. The killer bee completely misses you.
The manticore flicks its tail.
You block the volley of spikes.
The killer bee stings you but does no damage.
You block the killer bee's attack.
The killer bee attacks as you move away!
The killer bee stings you but does no damage.
You block the killer bee's attack.
The killer bee stings you but does no damage.
You barely miss the killer bee.
The killer bee stings you but does no damage.
The meliai mumbles some strange prayers to its god against you.
Something smites you!
* * * LOW HITPOINT WARNING * * *
You barely miss the manticore.
The manticore is almost dead.
The meliai calls down the wrath of its god upon you.
Something smites you!
* * * LOW HITPOINT WARNING * * *
You feel much better. The manticore barely misses you.
The manticore claws you but does no damage. x2
Blink to where?
Press: ? - help, Dir - move target
As you read the scroll of blinking, it crumbles to dust.
The meliai mumbles some strange prayers to its god against you.
Something smites you!
* * * LOW HITPOINT WARNING * * *
The blink frog blinks!
The meliai invokes the aid of its god against you.
Something smites you!
* * * LOW HITPOINT WARNING * * *
The rime drake breathes ice at you. The icy flash freeze hits you!
You die...

. # #. ..#F .# .#
.###yyF###.. ##.. .#.
#.y#l. .#...
..y###H§.###...## .
...#.k#†h#..#.. ....
##...###l†.#.#
#....#.F...#†yy..#...
#.....@.FHyy.F......
#.##.##.##y#y##.##.##
..#..#§#..## ..
##.##.##.#.##.# . #
#..## ##.....#.# ..
##..P######.....# ..
..............#.#
.....
.....P##......#.#
..).....
......P..#.......#


You could see 2 manticores, 2 cane toads, a basilisk, a blink frog, a rime drake
(catching breath), a meliai and 7 killer bees.

Vanquished Creatures
  3 hydras (Lair:5)
  A deep troll shaman (Lair:5)
  A catoblepas (Lair:5)
  8 death yaks (Lair:5)
  A lindwurm (Lair:5)
  A will-o-the-wisp (Lair:3)
  9 elephants
  6 black mambas
  10 cane toads
  Maggie (D:6)
  6 rime drakes
  9 komodo dragons
  A meliai (Lair:4)
  4 polar bears (Lair:5)
  A blink frog (Lair:4)
  Grinder (D:3)
  5 dream sheep (Lair:5)
  Sigmund (D:2)
  45 yaks
  11 wyverns
  3 basilisks
  5 nagas (Lair:3)
  13 water moccasins
  A black bear (D:4)
  3 orc warriors
  A sky beast (D:8)
  3 ice beasts
  25 wolves
  14 bullfrogs
  3 phantoms
  A necrophage (D:7)
  6 scorpions
  21 killer bees (Lair:4)
  2 electric eels (Lair:5)
  4 hounds
  4 orc priests
  3 iguanas
  4 orc wizards
  A gnoll (D:3)
  13 adders
  2 river rats (Lair:4)
  A shadow imp (D:6)
  A white imp (D:5)
  3 ufetubi
  A worm (D:2)
  3 dart slugs
  35 orcs
  5 ball pythons
  2 bats
  6 endoplasms
  5 giant cockroaches
  2 goblins
  3 hobgoblins
  8 jackals
  5 kobolds
  4 quokkas
  2 frilled lizards
  3 rats
346 creatures vanquished.

Vanquished Creatures (others)
  A bush (Lair:5)
  2 demonic plants (Temple)
  2 foxfires (Lair:3)
  38 fungi
  96 plants
139 creatures vanquished.

Grand Total: 485 creatures vanquished

Notes
Turn   | Place    | Note
-------+----------+-------------------------------------------
     0 | D:1      | bande the Gargoyle Fighter began the quest for the Orb.
     0 | D:1      | Reached XP level 1. HP: 14/14 MP: 1/1
    16 | D:1      | Found a faded altar of an unknown god.
   331 | D:1      | Reached skill level 2 in Axes
   331 | D:1      | Reached XP level 2. HP: 19/19 MP: 2/2
   697 | D:2      | Reached XP level 3. HP: 21/23 MP: 3/3
  1035 | D:2      | Reached skill level 3 in Axes
  1037 | D:2      | Reached XP level 4. HP: 25/29 MP: 4/4
  1219 | D:2      | Noticed Sigmund
  1228 | D:2      | Killed Sigmund
  1229 | D:2      | Reached skill level 4 in Axes
  1229 | D:2      | Reached XP level 5. HP: 12/33 MP: 5/5
  1229 | D:2      | Reached XP level 6. HP: 13/38 MP: 6/6
  1743 | D:3      | Noticed Grinder
  1751 | D:3      | Paralysed by Grinder for 3 turns
  1761 | D:3      | Killed Grinder
  1762 | D:3      | Reached skill level 5 in Axes
  1762 | D:3      | Reached skill level 1 in Evocations
  1762 | D:3      | Reached XP level 7. HP: 44/44 MP: 7/7
  1980 | D:3      | Found an ornate altar of the Wu Jian Council.
  2036 | D:3      | Found Fucezxam's Weapon Boutique.
  2763 | D:4      | Found Ydadyn's Armour Emporium.
  2937 | D:4      | Found an ancient bone altar of Kikubaaqudgha.
  3355 | D:5      | Entered Level 5 of the Dungeon
  3392 | D:4      | Reached skill level 5 in Armour
  3815 | D:5      | Found a staircase to the Ecumenical Temple.
  3824 | Temple   | Entered the Ecumenical Temple
  3831 | Temple   | Reached XP level 8. HP: 18/48 MP: 8/8
  4073 | Temple   | Became a worshipper of Warmaster Okawaru
  4159 | D:5      | Reached skill level 6 in Axes
  4281 | D:3      | Bought a +0 vampiric broad axe for 182 gold pieces
  4359 | D:5      | Identified a scroll of acquirement
  4359 | D:5      | Acquired 718 gold pieces
  4377 | D:5      | Reached skill level 5 in Fighting
  4572 | D:5      | Found a blossoming altar of Fedhas.
  4736 | D:6      | Reached skill level 1 in Invocations
  4814 | D:6      | Reached * piety under Okawaru
  4863 | D:6      | Noticed Maggie
  4883 | D:6      | Killed Maggie
  4884 | D:6      | Reached skill level 7 in Axes
  4884 | D:6      | Reached XP level 9. HP: 46/54 MP: 6/10
  4919 | D:6      | Found a shadowy altar of Dithmenos.
  5633 | D:7      | Reached ** piety under Okawaru
  5700 | D:7      | Acquired a ring of flight
  5758 | D:7      | Found Rageb's Magic Scroll Boutique.
  5763 | D:7      | Bought a scroll of enchant weapon for 112 gold pieces
  6149 | D:7      | Reached skill level 5 in Shields
  6281 | D:8      | Reached skill level 8 in Axes
  6307 | D:8      | Reached *** piety under Okawaru
  6312 | D:8      | Reached XP level 10. HP: 29/61 MP: 4/13
  6546 | D:8      | Found a staircase to the Lair.
  6907 | D:8      | Found Qesicaga's Book Boutique.
  7074 | D:8      | Found a sparkling altar of Nemelex Xobeh.
  7075 | D:8      | Found a shimmering altar of Xom.
  7076 | D:8      | Found a hazy altar of Hepliaklqana.
  7077 | D:8      | Found a glowing golden altar of the Shining One.
  7377 | Lair:1   | Entered Level 1 of the Lair of Beasts
  7382 | Lair:1   | Reached skill level 9 in Axes
  7392 | Lair:1   | Reached **** piety under Okawaru
  7394 | Lair:1   | Reached skill level 5 in Invocations
  7394 | Lair:1   | Reached skill level 5 in Evocations
  7808 | Lair:1   | Reached ***** piety under Okawaru
  7998 | Lair:1   | Reached XP level 11. HP: 60/67 MP: 8/15
  8131 | Lair:1   | Reached skill level 10 in Axes
  8910 | Lair:2   | Received a gift from Okawaru
  9043 | Lair:2   | Found a runed translucent gate.
  9044 | Lair:2   | Found a runed translucent gate.
  9045 | Lair:2   | Noticed a death yak
  9046 | Lair:2   | Found a runed translucent gate.
  9094 | Lair:2   | Noticed karrick's ghost (journeyman GrFi)
  9697 | Lair:2   | Identified the +0 robe of the Farrier {Int+4}
  9962 | Lair:3   | Found a staircase to the Swamp.
  9962 | Lair:3   | Noticed a will-o-the-wisp
 10034 | Lair:3   | Killed a will-o-the-wisp
 10035 | Lair:3   | Reached skill level 11 in Axes
 10234 | Lair:3   | Received a gift from Okawaru
 10561 | Lair:3   | Reached XP level 12. HP: 44/75 MP: 6/17
 10950 | Lair:3   | Found a staircase to the Snake Pit.
 11572 | Lair:4   | You are sucked into a shaft and drop 1 floor!
 11572 | Lair:5   | Entered Level 5 of the Lair of Beasts
 11705 | Lair:5   | Noticed a five-headed hydra
 11732 | Lair:5   | Killed a six-headed hydra
 11732 | Lair:5   | Identified the +8 battleaxe "Tormentor" {chaos, rPois}
                  | (Okawaru gifted it to you on level 5 of the Lair of Beasts)
 11732 | Lair:5   | Received a gift from Okawaru
 12321 | Lair:5   | Reached skill level 12 in Axes
 12321 | Lair:5   | Noticed a death yak
 12321 | Lair:5   | Noticed a death yak
 12754 | Lair:5   | Noticed a death yak
 12754 | Lair:5   | Noticed a death yak
 12754 | Lair:5   | Noticed a catoblepas
 12759 | Lair:5   | Noticed a death yak
 12759 | Lair:5   | Noticed a death yak
 12768 | Lair:5   | Killed a death yak
 12768 | Lair:5   | Received a gift from Okawaru
 12775 | Lair:5   | Noticed a death yak
 12780 | Lair:5   | Killed a catoblepas
 12790 | Lair:5   | Killed a death yak
 12794 | Lair:5   | Killed a death yak
 12795 | Lair:5   | Reached XP level 13. HP: 39/80 MP: 1/19
 13363 | Lair:5   | Reached ****** piety under Okawaru
 13959 | Lair:5   | Reached skill level 13 in Axes
 14033 | Lair:5   | Reached skill level 10 in Fighting
 14044 | Lair:5   | Identified the +11 crystal plate armour of Hadjma {-Cast
                  | rElec Str+2} (Okawaru gifted it to you on level 5 of the
                  | Lair of Beasts)
 14044 | Lair:5   | Received a gift from Okawaru
 14371 | Lair:5   | Found a viscous altar of Jiyva.
 14371 | Lair:5   | Found a staircase to the Slime Pits.
 15026 | Lair:4   | Gained mutation: Your large and strong wings let you fly.
                  | [Gargoyle growth]
 15026 | Lair:4   | Reached XP level 14. HP: 68/88 MP: 10/21
 15048 | Lair:4   | Killed from afar by a rime drake

Illustrated notes

Levels and vault maps discovered:
D:1:      erik_arrival_triangle_medium, layout_rooms,
          ebering_ecumenical_altar_webs
D:2:      layout_basic, uniq_sigmund
D:3:      layout_loops_ring, lemuel_tele_altar, serial_shops,
          nicolae_shop_statue_plus, uniq_grinder
D:4:      layout_loops_ring, mainiacjoe_overflow_cross_hatched, serial_shops,
          shop
D:5:      layout_basic, lemuel_coloured_pillars_altar, minmay_temple_entry_ruins
D:6:      layout_cave_pools, amcnicky_altar_gilded, hangedman_decor_growths,
          uniq_maggie
D:7:      nicolae_cairo_tiling, layout_basic, serial_shops, shop_fountains
D:8:      layout_rooms, mainiacjoe_overflow_alcove_3,
          grunt_lair_entry_orc_guard_hut, serial_shops, nicolae_take_the_stairs,
          serial_co_window_serial, co_window_of_opportunity_a,
          co_window_of_opportunity_a, co_window_of_opportunity_a,
          co_window_corner_a, co_window_paths_a, co_window_broadway_a,
          co_window_paths_c, co_window_unsneaky_path_c,
          co_window_unsneaky_path_d, co_window_broadway_b, glass_columns_a,
          glass_columns_a, glass_columns_b, glass_columns_a, glass_columns_b
Temple:   corrupted_temple
Lair:1:   layout_gridlike, chequers_serial_rivers_micro_c,
          chequers_serial_rivers_micro_a, grunt_megastairs_5
Lair:2:   layout_long_grid, gammafunk_ghost_split, serial_bayou_shore_b
Lair:3:   layout_cave_pods, minmay_swamp_entry_wisps,
          minmay_snake_entry_guardpost_medium
Lair:4:   hangedman_what_comes_after_a, layout_gridlike, st_stairs_7,
          eino_small_chamber_without_monster
Lair:5:   grunt_lair_end_beastmaster, layout_cellular_growth, slime_entry_1,
          serial_bayou, serial_bayou_pond_a, serial_bayou_crossing,
          serial_bayou_pond_e, serial_bayou_lake_a

Skill      XL: |  1  2  3  4  5  6  7  8  9 10 11 12 13 |
---------------+----------------------------------------+-----
Axes           | 2 3 4 5 7 8 9 11 12 13 | 13.6
Fighting       | 4 5 6 7 8 9 10 | 10.4
Armour         | 4 5 6 7 8 9 |  9.5
Evocations     | 1 2 3 4 5 6 7 8 |  8.7
Shields        | 4 5 6 7 8 |  8.5
Invocations    | 2 4 5 7 8 9 |  9.8

Action                     |  1- 3 |  4- 6 |  7- 9 | 10-12 | 13-15 || total
---------------------------+-------+-------+-------+-------+-------++-------
  Melee: War axe           |    89 |    45 |   113 |       |       ||   247
         Broad axe         |       |       |   175 |   549 |   333 ||  1057
         Flail             |       |       |       |     7 |    12 ||    19
 Invoke: Heroism           |       |       |       |     1 |     1 ||     2
    Use: Potion            |       |     1 |     2 |     2 |     3 ||     8
         Scroll            |       |       |    19 |     5 |     4 ||    28
   Stab: Petrified         |       |       |       |     3 |       ||     3
         Petrifying        |       |       |       |     1 |       ||     1
 Armour: Scale mail        |    55 |    27 |   295 |   433 |   221 ||  1031
         Crystal plate arm |       |       |       |       |   324 ||   324
  Dodge: Dodged            |    62 |    22 |   173 |   247 |   151 ||   655
  Block: Buckler           |    17 |    11 |    93 |    92 |       ||   213
         Kite shield       |       |       |       |   189 |   374 ||   563

Table legend: (Time is in decaauts)
 A = Elapsed time spent in this place.
 B = Non-inter-level travel time spent in this place.
 C = Inter-level travel time spent in this place.
 D = Time resting spent in this place.
 E = Time spent auto-exploring this place.
 F = Levels seen in this place.
 G = Mean time per level.
                   A        B        C        D        E       F      G
               +--------+--------+--------+--------+--------+-----+--------+
         Total |  15304 |  14899 |    405 |   4115 |   7729 |  14 | 1093.1 |
       Dungeon |   7253 |   6902 |    351 |   1272 |   4382 |   8 |  906.6 |
        Temple |    273 |    273 |      0 |    206 |     22 |   1 |  273.0 |
          Lair |   7777 |   7723 |     54 |   2637 |   3325 |   5 | 1555.4 |
               +--------+--------+--------+--------+--------+-----+--------+

Top non-repeatable levels by time:
  Lair:5: 3318 daAuts
  Lair:3: 1446 daAuts
  Lair:2: 1424 daAuts
  Lair:1: 1250 daAuts
     D:4: 1186 daAuts
     D:8: 1130 daAuts
     D:2: 1032 daAuts
     D:3: 903 daAuts
     D:5: 874 daAuts
     D:7: 736 daAuts
     D:1: 708 daAuts
     D:6: 681 daAuts
  Lair:4: 337 daAuts
  Temple: 273 daAuts
